Map: Ruins of Endion

Players

Pokebunny

  • Race: Terran Terran
  • League: Grandmaster

Enough - Winner!

  • Race: Zerg Zerg
  • League: Grandmaster

VOD

Have the link to the VOD?

Description

Time

  • Played on: April 7, 2016, 12:30 a.m.
  • Length: 9:56
Show
View Real Time Build Order
Export as new Build Order

Pokebunny Terran 

Build Orders: Command Center First (CC), MMM Bio 

Get SALT Encoding   

  12  0:00  SCV  
  13  0:13  SCV  
  14  0:22  Supply Depot  
  14  0:25  SCV  
  15  0:43  SCV  
  16  0:56  Command Center  
  16  1:00  SCV  
  17  1:10  Barracks  
  17  1:14  SCV  
  18  1:20  Refinery  
  18  1:26  SCV  
  19  1:32  Refinery  
  19  1:38  SCV  
  20  1:57  Marine  
  20  1:59  Orbital Command  
  21  2:07  Orbital Command  
  21  2:14  Factory  
  21  2:19  Barracks Reactor  
  21  2:26  SCV  
  22  2:33  SCV  
  23  2:38  SCV  
  23  2:41  Barracks  
  24  2:47  SCV  
  24  2:50  SCV  
  26  2:55  Marine  
  26  2:56  Marine  
  26  2:57  Factory Reactor  
  28  3:00  Starport  
  28  3:04  SCV x2  
  29  3:15  Marine x2  
  29  3:17  SCV x2  
  33  3:22  Supply Depot  
  33  3:29  SCV x2  
  37  3:41  Hellion, Supply Depot  
  37  3:43  Medivac  
  37  3:44  Hellion, Marine  
  37  3:45  Marine  
  37  3:46  Marine  
  37  3:47  Orbital Command  
  35  4:02  Marine  
  33  4:03  Marine  
  33  4:05  Bunker  
  34  4:11  Supply Depot  
  34  4:14  Hellion  
  36  4:23  Medivac  
  38  4:32  Barracks Tech Lab  
  38  4:33  Marine  
  39  4:41  Barracks  
  39  4:43  SCV  
  39  4:44  SCV  
  41  4:50  Factory Tech Lab, Marine  
  42  4:58  Marine  
  42  4:59  Marine  
  44  5:00  Starport Reactor  
  44  5:04  Stimpack  
  44  5:08  Marine  
  44  5:12  Supply Depot  
  45  5:18  Marine x2  
  45  5:21  Orbital Command  
  46  5:34  Siege Tank, SCV  
  50  5:38  Marine x3  
  54  5:50  SCV  
  54  5:55  Supply Depot  
  54  5:56  Marine x2, Medivac x2, SCV  
  61  5:57  Supply Depot  
  61  6:16  Siege Tank, Marine x3  
  67  6:21  Supply Depot  
  67  6:26  Marine x2  
  67  6:32  SCV x2  
  71  6:34  Medivac  
  62  6:44  Marine x3  
  60  6:52  Marine x2  
  60  7:01  Marine  
  60  7:02  Marine x2  
  61  7:09  Siege Tank  
  61  7:11  Combat Shields  
  61  7:12  Medivac  
  66  7:18  Medivac  
  66  7:21  SCV x2  
  70  7:29  Supply Depot  
  70  7:31  Marine x2  
  70  7:33  Marine  
  73  7:37  SCV x2  
  73  7:43  Siege Tank  
  78  7:53  Marine x2  
  78  7:54  Marine x3  
  78  7:58  Medivac  
  85  8:07  Supply Depot x2  
  85  8:15  Siege Tank  
  85  8:16  Supply Depot  
  88  8:29  Marine x4  
  88  8:32  Medivac  
  92  8:52  Marine x4  
  96  9:00  Refinery  
  96  9:01  Supply Depot  
  96  9:08  Marine  
  96  9:09  Siege Tank  
  100  9:19  Marine x2  
  100  9:20  Marine x2  
  100  9:22  Medivac  
  88  9:35  Marine  
  88  9:37  Marine  
  73  9:45  Command Center  
Show
View Real Time Build Order
Export as new Build Order

Enough Zerg - Winner!

Build Orders: Hatch First, Muta Ling Bane 

Get SALT Encoding   

  12  0:01  Drone  
  13  0:13  Overlord  
  13  0:18  Drone  
  14  0:31  Drone  
  14  0:32  Drone  
  16  0:36  Drone  
  17  0:53  Hatchery  
  17  0:55  Drone  
  17  0:58  Drone  
  18  1:06  Extractor  
  17  1:14  Spawning Pool  
  17  1:16  Drone  
  17  1:20  Drone  
  18  1:28  Drone  
  19  1:40  Drone  
  20  1:50  Overlord  
  20  2:00  Queen  
  22  2:05  Drone  
  22  2:07  Drone, Queen  
  22  2:08  Metabolic Boost  
  26  2:12  Drone  
  27  2:16  Zergling x2  
  28  2:27  Zergling x4  
  30  2:33  Overlord  
  30  2:38  Zergling x2  
  31  2:44  Zergling x2  
  31  2:49  Zergling x2  
  33  2:56  Zergling x2  
  34  3:05  Zergling x2  
  34  3:06  Zergling x2  
  36  3:14  Zergling x8  
  36  3:19  Zergling x6  
  43  3:24  Zergling x2, Baneling Nest  
  43  3:27  Overlord  
  43  3:38  Zergling x2  
  43  3:39  Overlord  
  43  4:06  Drone x7  
  43  4:09  Drone  
  48  4:14  Queen  
  48  4:15  Drone  
  51  4:19  Overlord  
  51  4:22  Hatchery  
  51  4:24  Drone, Evolution Chamber  
  51  4:26  Evolution Chamber  
  51  4:29  Queen  
  51  4:34  Spore Crawler  
  51  4:35  Drone  
  51  4:38  Drone  
  52  4:39  Drone  
  52  4:41  Drone  
  52  4:45  Drone x2  
  55  4:47  Drone  
  57  4:53  Queen  
  59  5:04  Baneling  
  59  5:05  Baneling x4  
  59  5:06  Drone x4  
  63  5:13  Zerg Ground Armor Level 1  
  63  5:16  Zerg Melee Weapons Level 1  
  63  5:19  Drone x2  
  65  5:24  Drone x3  
  65  5:27  Overlord  
  68  5:34  Overlord  
  68  5:35  Drone x3  
  71  5:36  Drone  
  71  5:40  Drone x2  
  74  5:47  Lair  
  73  5:51  Zergling x8  
  77  5:59  Zergling x6  
  77  6:01  Drone x3  
  83  6:04  Extractor  
  83  6:05  Extractor  
  83  6:09  Overlord  
  81  6:19  Overlord  
  81  6:22  Zergling x14  
  81  6:23  Zergling x2  
  89  6:34  Drone x4  
  89  6:35  Extractor  
  90  6:52  Drone x5  
  90  6:53  Spire  
  94  6:55  Drone  
  94  6:56  Hatchery, Extractor  
  94  6:57  Drone x8  
  85  7:16  Zerg Ground Armor Level 2  
  85  7:24  Extractor  
  84  7:32  Drone x5  
  89  7:39  Zergling x6  
  89  7:40  Zergling x8  
  89  7:43  Drone  
  97  7:46  Hatchery  
  95  7:51  Zergling x2  
  95  7:53  Zergling x2  
  95  7:54  Baneling  
  95  7:55  Centrifical Hooks  
  94  8:01  Zergling x2  
  95  8:07  Zergling x6  
  95  8:08  Zergling x14  
  105  8:14  Baneling x2  
  105  8:17  Baneling x5  
  105  8:19  Zergling x12  
  111  8:23  Overlord x2  
  111  8:24  Overlord  
  111  8:25  Overlord x2  
  111  8:33  Overlord  
  111  8:34  Overlord x2  
  111  8:40  Overlord, Queen  
  113  8:52  Mutalisk x10  
  113  8:54  Zergling x6  
  136  8:58  Zergling x2  
  137  9:03  Zergling x6  
  137  9:08  Zergling x10  
  137  9:09  Overlord  
  140  9:17  Zergling x10  
  119  9:35  Zergling x28  
Tags
 
Add a new tag
Caveats
  • Supply blocks, unpowered buildings, or Contaminate may cause inaccurate times.
  • Supply counts are checked every 10 seconds.